WCHLSIM.com - West Coast Hockey League
html PUBLIC "-//W3C//DTD XHTML 1.0 Transitional//EN" "http://www.w3.org/TR/xhtml1/DTD/xhtml1-transitional.dtd"> WCHL - Game 597 - SAN FRANCISCO SPIDERS vs REGINA FALCONS

SAN FRANCISCO SPIDERS vs REGINA FALCONS

Created - 8 janvier 2020 at 18:16

Goals
1 2 3 T
SAN FRANCISCO SPIDERS 1 0 0 1
REGINA FALCONS 3 2 0 5
Shots
1 2 3 T
SAN FRANCISCO SPIDERS 12 3 5 20
REGINA FALCONS 15 19 11 45

1st period

1. REGINA FALCONS , Nazem Kadri 15 (Jonathan Miller 19, Ryan Murray 16) at 0:46
2. REGINA FALCONS , Max Pacioretty 12 (David Pastrnak 26, Marc-Edouard Vlasic 10) at 12:27
3. REGINA FALCONS , David Pastrnak 23 (Ryan Murray 17, Max Pacioretty 19) at 13:31
4. SAN FRANCISCO SPIDERS , Dominik Simon 7 (Danton Heinen 10) at 15:49

Penalties :
Ben Harpur (REG) for Hooking (Minor) at 6:49, Ben Harpur (REG) for Interference (Minor) at 16:53

2nd period

5. REGINA FALCONS , Nazem Kadri 16 (Patrik Laine 9, Jonathan Miller 20) at 0:14
6. REGINA FALCONS , Boone Jenner 13 (Sami Vatanen 10, Ryan Murray 18) at 17:38

Penalties :
Dominik Simon (SAF) for Tripping (Minor) at 8:12, Mark Alt (SAF) for Goalie Interference (Minor) at 18:18

3rd period

No Goal

Penalties :
Ryan Getzlaf (SAF) for Hooking (Minor) at 6:38

Goalie Stats

Eddie Lack (SAF), 40 saves from 45 shots - (0,889), L, 1-13-1, 60:00 minutes
Anton Khudobin (REG), 19 saves from 20 shots - (0,950), W, 3-6-0, 60:00 minutes

Players Stats for SAN FRANCISCO SPIDERS

Player Name              G  A  P  +/- PIM S  H  SB GA TA FO     MP     PP MP  PK MP  
------------------------------------------------------------------------------------
Alexander Kerfoot        0  0  0  -1  0   4  0  1  0  0  2/2    13:02   1:35   0:56 
Andrei Svechnikov        0  0  0  -2  0   5  0  1  0  0  0/1    12:53   0:00   0:09 
Calle Jarnkrok           0  0  0   0  0   1  0  1  0  0  0/0    16:47   2:23   4:15 
Danton Heinen            0  1  1  -1  0   2  1  2  0  0  4/15   18:03   0:00   0:55 
David Sklenicka          0  0  0  -2  0   0  0  1  0  0  0/0    19:38   2:07   1:35 
Dominik Simon            1  0  1  -1  2   3  0  2  0  0  0/1    18:42   1:35   0:00 
Gabriel Bourque          0  0  0  -2  0   3  0  0  0  0  2/4    17:03   2:23   1:56 
Josh Leivo               0  0  0   0  0   0  1  0  0  0  1/1    10:09   0:00   0:00 
Mark Alt                 0  0  0  -2  2   0  5  1  0  0  0/0    16:34   0:00   0:31 
Matt Hendricks           0  0  0  -1  0   0  3  0  0  0  4/11   12:19   1:35   0:40 
Niko Mikkola             0  0  0   0  0   0  1  0  0  0  0/0    19:35   0:00   2:46 
Ryan Getzlaf             0  0  0  -1  2   2  1  3  0  0  16/19  22:48   0:00   3:03 
Sean Walker              0  0  0  -2  0   0  0  1  0  0  0/0    21:50   1:51   1:29 
Seth Helgeson            0  0  0  -1  0   0  2  0  0  0  0/0    22:20   2:07   3:57 
Taylor Leier             0  0  0  -1  0   0  0  0  0  0  1/1    17:08   0:00   0:00 
Tomas Plekanec           0  0  0  -2  0   0  0  0  0  0  9/13   15:07   2:23   0:00 
Tyler Myers              0  0  0   0  0   0  0  0  0  0  0/0     0:00   0:00   0:00 
Tyler Wotherspoon        0  0  0  -1  0   0  1  0  0  0  0/0    20:02   1:51   1:36 

Players Stats for REGINA FALCONS

Player Name              G  A  P  +/- PIM S  H  SB GA TA FO     MP     PP MP  PK MP  
------------------------------------------------------------------------------------
Antti Suomela            0  0  0   0  0   0  0  0  0  0  3/9     9:30   0:00   1:55 
Ben Harpur               0  0  0   0  4   1  1  0  0  0  0/0    14:39   0:00   0:00 
Blake Comeau             0  0  0   0  0   1  5  0  0  0  0/1    12:03   0:11   1:55 
Boone Jenner             1  0  1   2  0   4  2  0  0  0  13/22  20:03   2:53   0:41 
Brandon Saad             0  0  0   0  0   2  0  0  0  0  1/1    12:00   0:00   2:03 
Brian Gibbons            0  0  0   0  0   0  0  0  0  0  2/11   11:19   0:00   1:22 
David Pastrnak           1  1  2   2  0   8  1  1  0  0  0/1    19:53   3:04   0:20 
Jonathan Miller          0  2  2   2  0   4  3  0  0  0  0/0    18:46   2:42   0:00 
Marc-Edouard Vlasic      0  1  1   1  0   2  0  2  0  0  0/0    22:06   2:28   1:34 
Matt Martin              0  0  0   0  0   0  2  0  0  0  0/0     7:35   0:00   0:00 
Max Pacioretty           1  1  2   2  0   7  0  0  0  0  0/0    19:22   2:53   0:00 
Nazem Kadri              2  0  2   2  0   10 0  0  0  0  9/21   19:08   3:04   0:00 
Patrik Laine             0  1  1   2  0   1  0  0  0  0  0/0    19:08   3:04   0:00 
Rinat Valiev             0  0  0   0  0   0  1  1  0  0  0/0    16:02   0:00   1:21 
Ron Hainsey              0  0  0   1  0   4  0  1  0  0  0/0    22:34   2:28   2:02 
Ryan Murray              0  3  3   3  0   0  2  2  0  0  0/0    21:09   3:29   0:20 
Sami Vatanen             0  1  1   3  0   1  3  1  0  0  0/0    23:08   3:29   2:19 
Valeri Nichushkin        0  0  0   0  0   0  0  0  0  0  1/2     7:35   0:00   0:00 

3 Stars

1 - Ryan Murray (REG)
2 - Nazem Kadri (REG)
3 - David Pastrnak (REG)

Power Play

SAN FRANCISCO SPIDERS - 0 on 2 Attempt(s) - 0,00%
REGINA FALCONS - 0 on 3 Attempt(s) - 0,00%

Penalty Kill

SAN FRANCISCO SPIDERS - 3 on 3 Attempt(s) - 100,00% - Score 0 goal in Penalty Kill
REGINA FALCONS - 2 on 2 Attempt(s) - 100,00% - Score 0 goal in Penalty Kill

Team Stat

SAN FRANCISCO SPIDERS - Hits : 15 - Faceoff Wins : 39 - Blocked Shots : 13 - Penalty Minutes : 6
REGINA FALCONS - Hits : 20 - Faceoff Wins : 29 - Blocked Shots : 8 - Penalty Minutes : 4

Official

Referees : Geoff Miller and Frederick L'Ecuyer
Linesman : Kevin Ferguson and Joe Ross

Game Notes

No Game Note

Finance

Level 1 -- Attendance: 5448 (90,80%) -- Ticket Income 751 824 $
Level 2 -- Attendance: 4132 (82,64%) -- Ticket Income 359 484 $
Level 3 -- Attendance: 1962 (98,10%) -- Ticket Income 131 454 $
Level 4 -- Attendance: 3588 (89,70%) -- Ticket Income 157 872 $
Luxury Box -- Attendance: 1000 (100,00%) -- Ticket Income 220 000 $
Game was played at the Larouche Arena.
Total Attendance: 16130 (89,61%)
Total Ticket Income: 1 620 634 $
Other Income: 486 190 $
Total Income: 2 106 824 $

SAN FRANCISCO SPIDERS

5 vs 5 Forward 
   Center                   Left Wing                Right Wing               Time % Phy DF OF 
 1 Ryan Getzlaf             Calle Jarnkrok           Josh Leivo               25     1   4  0  
 2 Danton Heinen            Taylor Leier             Dominik Simon            25     1   4  0  
 3 Tomas Plekanec           Gabriel Bourque          Andrei Svechnikov        25     1   2  2  
 4 Matt Hendricks           Alexander Kerfoot        Ryan Getzlaf             25     1   4  0  

5 vs 5 Defense 
   Defense                  Defense                                           Time % Phy DF OF 
 1 Seth Helgeson            Niko Mikkola                                      30     1   4  0  
 2 Sean Walker              Tyler Wotherspoon                                 30     1   4  0  
 3 Mark Alt                 David Sklenicka                                   30     1   4  0  
 4 Seth Helgeson            Sean Walker                                       10     1   4  0  

PowerPlay Forward 
   Center                   Left Wing                Right Wing               Time % Phy DF OF 
 1 Tomas Plekanec           Calle Jarnkrok           Gabriel Bourque          55     1   4  0  
 2 Matt Hendricks           Alexander Kerfoot        Dominik Simon            45     1   4  0  

PowerPlay Defense
   Defense                  Defense                                           Time % Phy DF OF 
 1 David Sklenicka          Seth Helgeson                                     55     1   4  0  
 2 Sean Walker              Tyler Wotherspoon                                 45     1   4  0  

Penalty Kill 4 Players Forward 
   Center                   Wing                     Time % Phy DF OF 
 1 Ryan Getzlaf             Calle Jarnkrok           55     1   4  0  
 2 Gabriel Bourque          Danton Heinen            45     1   4  0  

Penalty Kill 4 Players Defense
   Defense                  Defense                  Time % Phy DF OF 
 1 Niko Mikkola             Seth Helgeson            55     1   4  0  
 2 Sean Walker              Tyler Wotherspoon        45     1   4  0  

Penalty Kill - 3 Players Forward 
   Forward                                           Time % Phy DF OF 
 1 Ryan Getzlaf                                      55     1   4  0  
 2 Calle Jarnkrok                                    45     1   4  0  

Penalty Kill - 3 Players Defense
   Defense                  Defense                  Time % Phy DF OF 
 1 Seth Helgeson            Niko Mikkola             55     1   4  0  
 2 Sean Walker              Tyler Wotherspoon        45     1   4  0  

4 vs 4 Forward 
   Center                   Wing                     Time % Phy DF OF 
 1 Alexander Kerfoot        Calle Jarnkrok           55     1   4  0  
 2 Ryan Getzlaf             Gabriel Bourque          45     1   4  0  

4 vs 4 Defense
   Defense                  Defense                  Time % Phy DF OF 
 1 Seth Helgeson            David Sklenicka          55     1   4  0  
 2 Sean Walker              Tyler Wotherspoon        45     1   4  0  

Last Minutes Offensive
   Center                   Left Wing                Right Wing               Defense                  Defense                  
   Matt Hendricks           Taylor Leier             Gabriel Bourque          Mark Alt                 Niko Mikkola             

Last Minutes Defensive
   Center                   Left Wing                Right Wing               Defense                  Defense                  
   Alexander Kerfoot        Ryan Getzlaf             Dominik Simon            Mark Alt                 Niko Mikkola             

Goaltenders
Starting : Eddie Lack               
Backup : Antti Niemi              

Extra Forwards
Normal : Calle Jarnkrok, Josh Leivo, Gabriel Bourque - PP : Taylor Leier, Josh Leivo - PK : Gabriel Bourque
Extra Defensemen
Normal : Seth Helgeson, David Sklenicka, Sean Walker - PP : Seth Helgeson - PK : David Sklenicka, Sean Walker
Penalty Shots
Ryan Getzlaf, Calle Jarnkrok, Gabriel Bourque, Danton Heinen, Alexander Kerfoot
Custom OT Lines Forwards
Taylor Leier, Calle Jarnkrok, Ryan Getzlaf, Danton Heinen, Alexander Kerfoot, Dominik Simon, Josh Leivo, Gabriel Bourque, Tomas Plekanec, Matt Hendricks
Custom OT Lines Defensemen
Niko Mikkola, David Sklenicka, Sean Walker, Tyler Wotherspoon, Seth Helgeson

Scratches
Karl Alzner (Sprained Left Finger Injury), Andrew O'Brien (Healthy), Stefan LeBlanc (Healthy), David Schlemko (Separated Right Shoulder Injury), Jake Horton (Healthy)
Jake Lucchini (Healthy), Jesse Graham (Healthy), Nico Sturm (Sprained Left Finger Injury), Samuel Kurker (Healthy), Ryan McGregor (Healthy)
Sven Andrighetto (Fractured Metatarsal (Right Foot) Injury), Zach Frye (Healthy), Jimmy Howard (Healthy)

REGINA FALCONS

5 vs 5 Forward 
   Center                   Left Wing                Right Wing               Time % Phy DF OF 
 1 Boone Jenner             Max Pacioretty           David Pastrnak           35     1   1  3  
 2 Nazem Kadri              Patrik Laine             Jonathan Miller          32     1   1  3  
 3 Brian Gibbons            Brandon Saad             Blake Comeau             19     1   2  2  
 4 Antti Suomela            Matt Martin              Valeri Nichushkin        14     2   2  1  

5 vs 5 Defense 
   Defense                  Defense                                           Time % Phy DF OF 
 1 Marc-Edouard Vlasic      Ron Hainsey                                       38     0   3  2  
 2 Ryan Murray              Sami Vatanen                                      35     0   2  3  
 3 Rinat Valiev             Ben Harpur                                        27     1   3  1  
 4 Ben Harpur               Ron Hainsey                                       0      1   2  2  

PowerPlay Forward 
   Center                   Left Wing                Right Wing               Time % Phy DF OF 
 1 Nazem Kadri              Patrik Laine             David Pastrnak           55     0   0  5  
 2 Boone Jenner             Max Pacioretty           Jonathan Miller          45     0   0  5  

PowerPlay Defense
   Defense                  Defense                                           Time % Phy DF OF 
 1 Sami Vatanen             Ryan Murray                                       55     0   1  4  
 2 Marc-Edouard Vlasic      Ron Hainsey                                       45     0   2  3  

Penalty Kill 4 Players Forward 
   Center                   Wing                     Time % Phy DF OF 
 1 Brian Gibbons            Brandon Saad             55     0   4  1  
 2 Antti Suomela            Blake Comeau             45     0   4  1  

Penalty Kill 4 Players Defense
   Defense                  Defense                  Time % Phy DF OF 
 1 Sami Vatanen             Ben Harpur               55     0   5  0  
 2 Rinat Valiev             Marc-Edouard Vlasic      45     0   5  0  

Penalty Kill - 3 Players Forward 
   Forward                                           Time % Phy DF OF 
 1 Jonathan Miller                                   55     0   5  0  
 2 Brian Gibbons                                     45     0   5  0  

Penalty Kill - 3 Players Defense
   Defense                  Defense                  Time % Phy DF OF 
 1 Sami Vatanen             Ben Harpur               55     0   5  0  
 2 Rinat Valiev             Marc-Edouard Vlasic      45     0   5  0  

4 vs 4 Forward 
   Center                   Wing                     Time % Phy DF OF 
 1 Jonathan Miller          David Pastrnak           55     1   1  3  
 2 Nazem Kadri              Max Pacioretty           45     1   1  3  

4 vs 4 Defense
   Defense                  Defense                  Time % Phy DF OF 
 1 Ron Hainsey              Ryan Murray              55     0   2  3  
 2 Marc-Edouard Vlasic      Sami Vatanen             45     1   2  2  

Last Minutes Offensive
   Center                   Left Wing                Right Wing               Defense                  Defense                  
   Jonathan Miller          Max Pacioretty           David Pastrnak           Marc-Edouard Vlasic      Ryan Murray              

Last Minutes Defensive
   Center                   Left Wing                Right Wing               Defense                  Defense                  
   Boone Jenner             Brandon Saad             Blake Comeau             Marc-Edouard Vlasic      Ron Hainsey              

Goaltenders
Starting : Anton Khudobin           
Backup : Frederik Andersen        

Extra Forwards
Normal : Brandon Saad, Patrik Laine, Jonathan Miller - PP : Max Pacioretty, Jonathan Miller - PK : Boone Jenner
Extra Defensemen
Normal : Ben Harpur, Sami Vatanen, Ryan Murray - PP : Sami Vatanen - PK : Ben Harpur, Ron Hainsey
Penalty Shots
Nazem Kadri, Patrik Laine, David Pastrnak, Max Pacioretty, Jonathan Miller
Custom OT Lines Forwards
David Pastrnak, Brandon Saad, Boone Jenner, Max Pacioretty, Jonathan Miller, Nazem Kadri, Patrik Laine, Blake Comeau, Brian Gibbons, Valeri Nichushkin
Custom OT Lines Defensemen
Marc-Edouard Vlasic, Ron Hainsey, Ryan Murray, Sami Vatanen, Ben Harpur

Scratches
Joel Edmundson (Right Hand Injury)

% Time on Ice - SAN FRANCISCO SPIDERS

Lines # - Real PCT - Wanted PCT - Time Play
Normal Forward
1 - 20% - 25% - 10:09
2 - 34% - 25% - 17:08
3 - 25% - 25% - 12:44
4 - 20% - 25% - 10:04
Normal Defense
1 - 31% - 30% - 15:17
2 - 33% - 30% - 16:35
3 - 33% - 30% - 16:18
4 - 4% - 10% - 1:55
PP Forward
1 - 60% - 55% - 2:23
2 - 40% - 45% - 1:35
PP Defense
1 - 53% - 55% - 2:07
2 - 47% - 45% - 1:51
PK Forward
1 - 85% - 55% - 5:02
2 - 15% - 45% - 0:55
PK Defense
1 - 73% - 55% - 4:21
2 - 27% - 45% - 1:36
PK3 Forward
1 - 0% - 55%
2 - 0% - 45%
PK3 Defense
1 - 0% - 55%
2 - 0% - 45%
44 Forward
1 - 0% - 55%
2 - 0% - 45%
44 Defense
1 - 0% - 55%
2 - 0% - 45%
Last Minute Offensive  - 0:00
Last Minute Defensive  - 0:00
Total
Forward - 60:00
Defense - 60:00

% Time on Ice - REGINA FALCONS

Lines # - Real PCT - Wanted PCT - Time Play
Normal Forward
1 - 33% - 35% - 16:29
2 - 32% - 32% - 16:04
3 - 20% - 19% - 9:57
4 - 15% - 14% - 7:35
Normal Defense
1 - 36% - 38% - 18:04
2 - 35% - 35% - 17:20
3 - 29% - 27% - 14:41
4 - 0% - 0% - 0:00
PP Forward
1 - 52% - 55% - 3:04
2 - 48% - 45% - 2:53
PP Defense
1 - 59% - 55% - 3:29
2 - 41% - 45% - 2:28
PK Forward
1 - 52% - 55% - 2:03
2 - 48% - 45% - 1:55
PK Defense
1 - 78% - 55% - 3:05
2 - 22% - 45% - 0:53
PK3 Forward
1 - 0% - 55%
2 - 0% - 45%
PK3 Defense
1 - 0% - 55%
2 - 0% - 45%
44 Forward
1 - 0% - 55%
2 - 0% - 45%
44 Defense
1 - 0% - 55%
2 - 0% - 45%
Last Minute Offensive  - 0:00
Last Minute Defensive  - 0:00
Total
Forward - 60:00
Defense - 60:00

Play-by-Play

1st period


0:01 of 1st period - Ryan Getzlaf wins face-off versus David Pastrnak in neutral zone.
0:28 of 1st period - Shot by Boone Jenner.
0:28 of 1st period - Stopped by Eddie Lack without a rebound.
0:29 of 1st period - Nazem Kadri wins face-off versus Danton Heinen in SAN FRANCISCO SPIDERS zone.
0:30 of 1st period - Shot by Patrik Laine.
0:30 of 1st period - Shot Misses the Net.
0:42 of 1st period - Shot by Jonathan Miller.
0:42 of 1st period - Shot Blocked by Dominik Simon.
0:46 of 1st period - Shot by Nazem Kadri.
0:46 of 1st period - Goal by Nazem Kadri - SAN FRANCISCO SPIDERS : 0 - REGINA FALCONS : 1.
0:47 of 1st period - Tomas Plekanec wins face-off versus Blake Comeau in neutral zone.
1:24 of 1st period - Blake Comeau is hit by Mark Alt and loses puck.
2:17 of 1st period - Shot by Jonathan Miller.
2:17 of 1st period - Stopped by Eddie Lack with a rebound.
2:49 of 1st period - Shot by David Pastrnak.
2:49 of 1st period - Stopped by Eddie Lack without a rebound.
2:50 of 1st period - Taylor Leier wins face-off versus Antti Suomela in SAN FRANCISCO SPIDERS zone.
2:50 of 1st period - Taylor Leier is hit by Matt Martin.
3:24 of 1st period - Shot by Ron Hainsey.
3:24 of 1st period - Deflect By Valeri Nichushkin.
3:24 of 1st period - Shot Misses the Net.
3:33 of 1st period - Icing by Seth Helgeson.
3:34 of 1st period - Danton Heinen wins face-off versus Boone Jenner in SAN FRANCISCO SPIDERS zone.
3:40 of 1st period - Icing by Sami Vatanen.
3:41 of 1st period - Ryan Getzlaf wins face-off versus Boone Jenner in REGINA FALCONS zone.
3:42 of 1st period - Shot by Calle Jarnkrok.
3:42 of 1st period - Stopped by Anton Khudobin without a rebound.
3:43 of 1st period - Ryan Getzlaf wins face-off versus Boone Jenner in REGINA FALCONS zone.
3:54 of 1st period - Shot by Josh Leivo.
3:54 of 1st period - Shot Misses the Net.
4:05 of 1st period - Icing by Josh Leivo.
4:06 of 1st period - Nazem Kadri wins face-off versus Ryan Getzlaf in SAN FRANCISCO SPIDERS zone.
4:11 of 1st period - Shot by Nazem Kadri.
4:11 of 1st period - Stopped by Eddie Lack without a rebound.
4:12 of 1st period - Nazem Kadri wins face-off versus Tomas Plekanec in SAN FRANCISCO SPIDERS zone.
4:13 of 1st period - Shot by Jonathan Miller.
4:13 of 1st period - Stopped by Eddie Lack with a rebound.
4:15 of 1st period - Shot by Nazem Kadri.
4:15 of 1st period - Shot Misses the Net.
4:19 of 1st period - Shot by Jonathan Miller.
4:19 of 1st period - Stopped by Eddie Lack without a rebound.
4:20 of 1st period - Ryan Getzlaf wins face-off versus Boone Jenner in SAN FRANCISCO SPIDERS zone.
4:29 of 1st period - Shot by Ryan Getzlaf.
4:29 of 1st period - Shot Misses the Net.
4:41 of 1st period - Shot by David Pastrnak.
4:41 of 1st period - Stopped by Eddie Lack without a rebound.
4:42 of 1st period - Tomas Plekanec wins face-off versus Nazem Kadri in SAN FRANCISCO SPIDERS zone.
4:42 of 1st period - Tomas Plekanec is hit by Jonathan Miller.
5:09 of 1st period - Shot by Andrei Svechnikov.
5:09 of 1st period - Stopped by Anton Khudobin without a rebound.
5:10 of 1st period - Boone Jenner wins face-off versus Matt Hendricks in REGINA FALCONS zone.
5:37 of 1st period - Shot by Max Pacioretty.
5:37 of 1st period - Shot Blocked by Alexander Kerfoot.
6:00 of 1st period - Danton Heinen is hit by Sami Vatanen and loses puck.
6:15 of 1st period - Danton Heinen is hit by Blake Comeau and loses puck.
6:49 of 1st period - Minor Penalty to Ben Harpur for Hooking.
6:50 of 1st period - Gabriel Bourque wins face-off versus Brian Gibbons in REGINA FALCONS zone.
7:49 of 1st period - Shot by Alexander Kerfoot.
7:49 of 1st period - Stopped by Anton Khudobin with a rebound.
7:51 of 1st period - Shot by Alexander Kerfoot.
7:51 of 1st period - Stopped by Anton Khudobin without a rebound.
7:52 of 1st period - Antti Suomela wins face-off versus Matt Hendricks in REGINA FALCONS zone.
7:52 of 1st period - Antti Suomela is hit by Matt Hendricks.
8:12 of 1st period - Shot by Alexander Kerfoot.
8:12 of 1st period - Stopped by Anton Khudobin without a rebound.
8:13 of 1st period - Brian Gibbons wins face-off versus Gabriel Bourque in REGINA FALCONS zone.
9:44 of 1st period - Shot by Max Pacioretty.
9:44 of 1st period - Shot Misses the Net.
9:46 of 1st period - Shot by Marc-Edouard Vlasic.
9:46 of 1st period - Shot Misses the Net.
9:48 of 1st period - Shot by Marc-Edouard Vlasic.
9:48 of 1st period - Stopped by Eddie Lack without a rebound.
9:49 of 1st period - Matt Hendricks wins face-off versus Antti Suomela in SAN FRANCISCO SPIDERS zone.
10:04 of 1st period - Shot by Alexander Kerfoot.
10:04 of 1st period - Shot Blocked by Ryan Murray.
10:08 of 1st period - Shot by Alexander Kerfoot.
10:08 of 1st period - Stopped by Anton Khudobin without a rebound.
10:09 of 1st period - Boone Jenner wins face-off versus Ryan Getzlaf in REGINA FALCONS zone.
10:36 of 1st period - Ryan Getzlaf is hit by Boone Jenner.
10:37 of 1st period - Icing by Ryan Getzlaf.
10:38 of 1st period - Ryan Getzlaf wins face-off versus Nazem Kadri in SAN FRANCISCO SPIDERS zone.
10:47 of 1st period - Shot by Josh Leivo.
10:47 of 1st period - Shot Misses the Net.
11:21 of 1st period - Ryan Getzlaf is hit by Ryan Murray and loses puck.
12:27 of 1st period - Shot by Max Pacioretty.
12:27 of 1st period - Goal by Max Pacioretty - SAN FRANCISCO SPIDERS : 0 - REGINA FALCONS : 2.
12:28 of 1st period - Valeri Nichushkin wins face-off versus Danton Heinen in neutral zone.
12:44 of 1st period - Danton Heinen is hit by Matt Martin and loses puck.
13:03 of 1st period - Shot by Dominik Simon.
13:03 of 1st period - Shot Blocked by Ron Hainsey.
13:25 of 1st period - Shot by Max Pacioretty.
13:25 of 1st period - Shot Blocked by Andrei Svechnikov.
13:31 of 1st period - Shot by David Pastrnak.
13:31 of 1st period - Goal by David Pastrnak - SAN FRANCISCO SPIDERS : 0 - REGINA FALCONS : 3.
13:32 of 1st period - Tomas Plekanec wins face-off versus Nazem Kadri in neutral zone.
13:35 of 1st period - Shot by Gabriel Bourque.
13:35 of 1st period - Stopped by Anton Khudobin without a rebound.
13:36 of 1st period - Tomas Plekanec wins face-off versus Nazem Kadri in REGINA FALCONS zone.
13:36 of 1st period - Tomas Plekanec is hit by Sami Vatanen.
13:42 of 1st period - Shot by Andrei Svechnikov.
13:42 of 1st period - Shot Blocked by Ryan Murray.
13:44 of 1st period - Shot by Gabriel Bourque.
13:44 of 1st period - Stopped by Anton Khudobin with a rebound.
13:46 of 1st period - Shot by Andrei Svechnikov.
13:46 of 1st period - Stopped by Anton Khudobin with a rebound.
13:48 of 1st period - Shot by Andrei Svechnikov.
13:48 of 1st period - Stopped by Anton Khudobin without a rebound.
13:49 of 1st period - Boone Jenner wins face-off versus Danton Heinen in REGINA FALCONS zone.
13:54 of 1st period - Shot by Max Pacioretty.
13:54 of 1st period - Stopped by Eddie Lack with a rebound.
13:56 of 1st period - Shot by Max Pacioretty.
13:56 of 1st period - Stopped by Eddie Lack without a rebound.
13:57 of 1st period - Alexander Kerfoot wins face-off versus Boone Jenner in SAN FRANCISCO SPIDERS zone.
14:04 of 1st period - Shot by Max Pacioretty.
14:04 of 1st period - Stopped by Eddie Lack with a rebound.
14:06 of 1st period - Shot by Ron Hainsey.
14:06 of 1st period - Deflect By David Pastrnak.
14:06 of 1st period - Shot Blocked by David Sklenicka.
14:53 of 1st period - Shot by Gabriel Bourque.
14:53 of 1st period - Deflect By Andrei Svechnikov.
14:53 of 1st period - Shot Blocked by Marc-Edouard Vlasic.
15:49 of 1st period - Shot by Dominik Simon.
15:49 of 1st period - Goal by Dominik Simon - SAN FRANCISCO SPIDERS : 1 - REGINA FALCONS : 3.
15:50 of 1st period - Ryan Getzlaf wins face-off versus Nazem Kadri in neutral zone.
16:20 of 1st period - Shot by Nazem Kadri.
16:20 of 1st period - Stopped by Eddie Lack without a rebound.
16:21 of 1st period - Danton Heinen wins face-off versus Brian Gibbons in SAN FRANCISCO SPIDERS zone.
16:21 of 1st period - Danton Heinen is hit by Blake Comeau.
16:24 of 1st period - Dominik Simon is hit by Blake Comeau and loses puck.
16:28 of 1st period - Ben Harpur is hit by Mark Alt and loses puck.
16:46 of 1st period - Dominik Simon is hit by Rinat Valiev and loses puck.
16:50 of 1st period - Icing by Ben Harpur.
16:51 of 1st period - Tomas Plekanec wins face-off versus Brian Gibbons in REGINA FALCONS zone.
16:53 of 1st period - Minor Penalty to Ben Harpur for Interference.
16:54 of 1st period - Brandon Saad wins face-off versus Tomas Plekanec in REGINA FALCONS zone.
17:58 of 1st period - Blake Comeau is hit by Matt Hendricks and loses puck.
19:05 of 1st period - Ben Harpur is hit by Josh Leivo and loses puck.
19:16 of 1st period - Shot by Ryan Getzlaf.
19:16 of 1st period - Shot Hit the Post.
19:40 of 1st period - Shot by Dominik Simon.
19:40 of 1st period - Stopped by Anton Khudobin without a rebound.
19:41 of 1st period - Boone Jenner wins face-off versus Danton Heinen in REGINA FALCONS zone.
19:46 of 1st period - Shot by David Pastrnak.
19:46 of 1st period - Shot Blocked by Danton Heinen.
Goals for this period are 1 for SAN FRANCISCO SPIDERS vs 3 for REGINA FALCONS.
Shots for this period are 12 for SAN FRANCISCO SPIDERS vs 15 for REGINA FALCONS.

2nd period


0:01 of 2nd period - Nazem Kadri wins face-off versus Matt Hendricks in neutral zone.
0:12 of 2nd period - Shot by Jonathan Miller.
0:12 of 2nd period - Deflect By Patrik Laine.
0:12 of 2nd period - Shot Misses the Net.
0:14 of 2nd period - Shot by Nazem Kadri.
0:14 of 2nd period - Goal by Nazem Kadri - SAN FRANCISCO SPIDERS : 1 - REGINA FALCONS : 4.
0:15 of 2nd period - Tomas Plekanec wins face-off versus Antti Suomela in neutral zone.
1:23 of 2nd period - Shot by Nazem Kadri.
1:23 of 2nd period - Stopped by Eddie Lack with a rebound.
1:25 of 2nd period - Shot by Ron Hainsey.
1:25 of 2nd period - Shot Misses the Net.
1:33 of 2nd period - Shot by Jonathan Miller.
1:33 of 2nd period - Deflect By Nazem Kadri.
1:33 of 2nd period - Stopped by Eddie Lack without a rebound.
1:34 of 2nd period - Boone Jenner wins face-off versus Matt Hendricks in SAN FRANCISCO SPIDERS zone.
1:57 of 2nd period - Shot by Boone Jenner.
1:57 of 2nd period - Shot Blocked by Sean Walker.
1:59 of 2nd period - Shot by Ben Harpur.
1:59 of 2nd period - Stopped by Eddie Lack without a rebound.
2:00 of 2nd period - Brian Gibbons wins face-off versus Danton Heinen in SAN FRANCISCO SPIDERS zone.
3:19 of 2nd period - Shot by Patrik Laine.
3:19 of 2nd period - Shot Misses the Net.
3:32 of 2nd period - Icing by Danton Heinen.
3:33 of 2nd period - Boone Jenner wins face-off versus Danton Heinen in SAN FRANCISCO SPIDERS zone.
3:48 of 2nd period - Shot by Boone Jenner.
3:48 of 2nd period - Stopped by Eddie Lack with a rebound.
3:50 of 2nd period - Shot by Max Pacioretty.
3:50 of 2nd period - Stopped by Eddie Lack without a rebound.
3:51 of 2nd period - Antti Suomela wins face-off versus Matt Hendricks in SAN FRANCISCO SPIDERS zone.
4:53 of 2nd period - Shot by Max Pacioretty.
4:53 of 2nd period - Shot Misses the Net.
4:55 of 2nd period - Shot by Ron Hainsey.
4:55 of 2nd period - Shot Misses the Net.
5:05 of 2nd period - Shot by David Pastrnak.
5:05 of 2nd period - Stopped by Eddie Lack without a rebound.
5:06 of 2nd period - Tomas Plekanec wins face-off versus Nazem Kadri in SAN FRANCISCO SPIDERS zone.
5:46 of 2nd period - Icing by Andrei Svechnikov.
5:47 of 2nd period - Boone Jenner wins face-off versus Tomas Plekanec in SAN FRANCISCO SPIDERS zone.
5:48 of 2nd period - Shot by David Pastrnak.
5:48 of 2nd period - Stopped by Eddie Lack with a rebound.
5:50 of 2nd period - Shot by Boone Jenner.
5:50 of 2nd period - Stopped by Eddie Lack with a rebound.
5:52 of 2nd period - Shot by Max Pacioretty.
5:52 of 2nd period - Deflect By David Pastrnak.
5:52 of 2nd period - Shot Blocked by Mark Alt.
6:04 of 2nd period - Gabriel Bourque is hit by David Pastrnak and loses puck.
6:15 of 2nd period - Shot by David Pastrnak.
6:15 of 2nd period - Deflect By Max Pacioretty.
6:15 of 2nd period - Shot Misses the Net.
6:17 of 2nd period - Shot by Marc-Edouard Vlasic.
6:17 of 2nd period - Stopped by Eddie Lack without a rebound.
6:18 of 2nd period - Ryan Getzlaf wins face-off versus Brian Gibbons in SAN FRANCISCO SPIDERS zone.
6:35 of 2nd period - Ryan Murray is hit by Ryan Getzlaf and loses puck.
6:48 of 2nd period - Calle Jarnkrok is hit by Blake Comeau and loses puck.
7:01 of 2nd period - Shot by Brandon Saad.
7:01 of 2nd period - Shot Blocked by Calle Jarnkrok.
7:08 of 2nd period - Icing by Ryan Getzlaf.
7:09 of 2nd period - Ryan Getzlaf wins face-off versus Boone Jenner in SAN FRANCISCO SPIDERS zone.
7:19 of 2nd period - Icing by David Pastrnak.
7:20 of 2nd period - Boone Jenner wins face-off versus Danton Heinen in REGINA FALCONS zone.
7:31 of 2nd period - Shot by David Pastrnak.
7:31 of 2nd period - Shot Misses the Net.
7:51 of 2nd period - Shot by David Pastrnak.
7:51 of 2nd period - Shot Misses the Net.
7:53 of 2nd period - Shot by Ron Hainsey.
7:53 of 2nd period - Shot Hit the Post.
7:55 of 2nd period - Shot by Ron Hainsey.
7:55 of 2nd period - Stopped by Eddie Lack with a rebound.
8:12 of 2nd period - Minor Penalty to Dominik Simon for Tripping.
8:13 of 2nd period - Nazem Kadri wins face-off versus Ryan Getzlaf in SAN FRANCISCO SPIDERS zone.
8:16 of 2nd period - Shot by Nazem Kadri.
8:16 of 2nd period - Stopped by Eddie Lack with a rebound.
8:18 of 2nd period - Shot by Nazem Kadri.
8:18 of 2nd period - Shot Blocked by Ryan Getzlaf.
8:26 of 2nd period - Shot by David Pastrnak.
8:26 of 2nd period - Shot Misses the Net.
8:28 of 2nd period - Shot by Sami Vatanen.
8:28 of 2nd period - Stopped by Eddie Lack with a rebound.
8:30 of 2nd period - Shot by David Pastrnak.
8:30 of 2nd period - Stopped by Eddie Lack without a rebound.
8:31 of 2nd period - Ryan Getzlaf wins face-off versus Boone Jenner in SAN FRANCISCO SPIDERS zone.
8:31 of 2nd period - Ryan Getzlaf is hit by Jonathan Miller.
10:38 of 2nd period - Brandon Saad is hit by Niko Mikkola and loses puck.
11:11 of 2nd period - Shot by Danton Heinen.
11:11 of 2nd period - Stopped by Anton Khudobin without a rebound.
11:12 of 2nd period - Matt Hendricks wins face-off versus Valeri Nichushkin in REGINA FALCONS zone.
12:09 of 2nd period - Shot by Patrik Laine.
12:09 of 2nd period - Deflect By Jonathan Miller.
12:09 of 2nd period - Stopped by Eddie Lack with a rebound.
12:11 of 2nd period - Shot by Ron Hainsey.
12:11 of 2nd period - Stopped by Eddie Lack with a rebound.
12:31 of 2nd period - Shot by Jonathan Miller.
12:31 of 2nd period - Shot Blocked by Ryan Getzlaf.
13:11 of 2nd period - Shot by David Pastrnak.
13:11 of 2nd period - Shot Misses the Net.
13:56 of 2nd period - Icing by Danton Heinen.
13:57 of 2nd period - Danton Heinen wins face-off versus Antti Suomela in SAN FRANCISCO SPIDERS zone.
14:02 of 2nd period - Shot by Dominik Simon.
14:02 of 2nd period - Shot Misses the Net.
14:04 of 2nd period - Shot by Danton Heinen.
14:04 of 2nd period - Deflect By Dominik Simon.
14:04 of 2nd period - Stopped by Anton Khudobin without a rebound.
14:05 of 2nd period - Nazem Kadri wins face-off versus Danton Heinen in REGINA FALCONS zone.
14:13 of 2nd period - Shot by Dominik Simon.
14:13 of 2nd period - Shot Blocked by Marc-Edouard Vlasic.
14:15 of 2nd period - Shot by Danton Heinen.
14:15 of 2nd period - Stopped by Anton Khudobin without a rebound.
14:16 of 2nd period - Boone Jenner wins face-off versus Tomas Plekanec in REGINA FALCONS zone.
14:20 of 2nd period - Icing by Max Pacioretty.
14:21 of 2nd period - Boone Jenner wins face-off versus Danton Heinen in REGINA FALCONS zone.
14:53 of 2nd period - Shot by David Pastrnak.
14:53 of 2nd period - Shot Hit the Post.
15:30 of 2nd period - Gabriel Bourque is hit by Boone Jenner and loses puck.
15:44 of 2nd period - Icing by Andrei Svechnikov.
15:45 of 2nd period - Tomas Plekanec wins face-off versus Nazem Kadri in SAN FRANCISCO SPIDERS zone.
15:45 of 2nd period - Tomas Plekanec is hit by Jonathan Miller.
16:33 of 2nd period - Off-side.
16:34 of 2nd period - Josh Leivo wins face-off versus Brian Gibbons in neutral zone.
17:34 of 2nd period - Shot by Ryan Murray.
17:34 of 2nd period - Shot Blocked by Danton Heinen.
17:36 of 2nd period - Shot by Sami Vatanen.
17:36 of 2nd period - Shot Misses the Net.
17:38 of 2nd period - Shot by Boone Jenner.
17:38 of 2nd period - Goal by Boone Jenner - SAN FRANCISCO SPIDERS : 1 - REGINA FALCONS : 5.
17:39 of 2nd period - Antti Suomela wins face-off versus Matt Hendricks in neutral zone.
17:41 of 2nd period - Off-side.
17:42 of 2nd period - Nazem Kadri wins face-off versus Dominik Simon in neutral zone.
17:46 of 2nd period - Patrik Laine is hit by Mark Alt and loses puck.
17:58 of 2nd period - Nazem Kadri is hit by Mark Alt and loses puck.
18:17 of 2nd period - Shot by Nazem Kadri.
18:17 of 2nd period - Stopped by Eddie Lack with a rebound.
18:18 of 2nd period - Minor Penalty to Mark Alt for Goalie Interference.
18:19 of 2nd period - Ryan Getzlaf wins face-off versus Boone Jenner in SAN FRANCISCO SPIDERS zone.
18:32 of 2nd period - Shot by Jonathan Miller.
18:32 of 2nd period - Shot Misses the Net.
19:16 of 2nd period - Shot by David Pastrnak.
19:16 of 2nd period - Stopped by Eddie Lack with a rebound.
19:58 of 2nd period - Shot by Boone Jenner.
19:58 of 2nd period - Shot Blocked by Ryan Getzlaf.
Goals for this period are 0 for SAN FRANCISCO SPIDERS vs 2 for REGINA FALCONS.
Shots for this period are 3 for SAN FRANCISCO SPIDERS vs 19 for REGINA FALCONS.

3rd period


0:01 of 3rd period - Ryan Getzlaf wins face-off versus Nazem Kadri in neutral zone.
0:15 of 3rd period - Icing by David Pastrnak.
0:16 of 3rd period - Ryan Getzlaf wins face-off versus Nazem Kadri in REGINA FALCONS zone.
0:41 of 3rd period - Shot by Gabriel Bourque.
0:41 of 3rd period - Stopped by Anton Khudobin without a rebound.
0:42 of 3rd period - Ryan Getzlaf wins face-off versus Nazem Kadri in REGINA FALCONS zone.
0:53 of 3rd period - Shot by Ryan Getzlaf.
0:53 of 3rd period - Shot Blocked by Sami Vatanen.
0:58 of 3rd period - Off-side.
0:59 of 3rd period - Boone Jenner wins face-off versus Danton Heinen in neutral zone.
1:37 of 3rd period - David Pastrnak is hit by Seth Helgeson.
3:29 of 3rd period - Andrei Svechnikov is hit by Ben Harpur and loses puck.
3:35 of 3rd period - Antti Suomela is hit by Mark Alt and loses puck.
4:46 of 3rd period - Icing by Dominik Simon.
4:47 of 3rd period - Nazem Kadri wins face-off versus Danton Heinen in SAN FRANCISCO SPIDERS zone.
4:47 of 3rd period - Jonathan Miller is hit by Seth Helgeson.
4:51 of 3rd period - Shot by Nazem Kadri.
4:51 of 3rd period - Stopped by Eddie Lack with a rebound.
4:57 of 3rd period - Shot by Patrik Laine.
4:57 of 3rd period - Stopped by Eddie Lack without a rebound.
4:58 of 3rd period - Matt Hendricks wins face-off versus Brian Gibbons in SAN FRANCISCO SPIDERS zone.
4:58 of 3rd period - Matt Hendricks is hit by Blake Comeau.
5:17 of 3rd period - Icing by Brandon Saad.
5:18 of 3rd period - Danton Heinen wins face-off versus Brian Gibbons in REGINA FALCONS zone.
5:24 of 3rd period - Danton Heinen is hit by Ryan Murray and loses puck.
6:00 of 3rd period - Ron Hainsey is hit by Danton Heinen and loses puck.
6:17 of 3rd period - Shot by Nazem Kadri.
6:17 of 3rd period - Stopped by Eddie Lack with a rebound.
6:38 of 3rd period - Minor Penalty to Ryan Getzlaf for Hooking.
6:39 of 3rd period - Gabriel Bourque wins face-off versus Boone Jenner in SAN FRANCISCO SPIDERS zone.
6:56 of 3rd period - Shot by Boone Jenner.
6:56 of 3rd period - Deflect By Max Pacioretty.
6:56 of 3rd period - Stopped by Eddie Lack without a rebound.
6:57 of 3rd period - Nazem Kadri wins face-off versus Gabriel Bourque in SAN FRANCISCO SPIDERS zone.
7:31 of 3rd period - Shot by Marc-Edouard Vlasic.
7:31 of 3rd period - Shot Misses the Net.
7:53 of 3rd period - Shot by Max Pacioretty.
7:53 of 3rd period - Shot Misses the Net.
8:56 of 3rd period - Shot by Blake Comeau.
8:56 of 3rd period - Shot Misses the Net.
8:58 of 3rd period - Shot by Brandon Saad.
8:58 of 3rd period - Shot Misses the Net.
9:00 of 3rd period - Shot by Blake Comeau.
9:00 of 3rd period - Stopped by Eddie Lack with a rebound.
9:02 of 3rd period - Shot by Brandon Saad.
9:02 of 3rd period - Shot Misses the Net.
9:04 of 3rd period - Shot by Brandon Saad.
9:04 of 3rd period - Stopped by Eddie Lack with a rebound.
9:52 of 3rd period - Matt Martin is hit by Tyler Wotherspoon and loses puck.
10:21 of 3rd period - Shot by Ryan Getzlaf.
10:21 of 3rd period - Shot Misses the Net.
10:23 of 3rd period - Shot by Ryan Getzlaf.
10:23 of 3rd period - Stopped by Anton Khudobin without a rebound.
10:24 of 3rd period - Ryan Getzlaf wins face-off versus Nazem Kadri in REGINA FALCONS zone.
10:25 of 3rd period - Shot by Calle Jarnkrok.
10:25 of 3rd period - Shot Misses the Net.
11:26 of 3rd period - Shot by David Pastrnak.
11:26 of 3rd period - Stopped by Eddie Lack with a rebound.
11:28 of 3rd period - Shot by Max Pacioretty.
11:28 of 3rd period - Shot Misses the Net.
11:30 of 3rd period - Shot by Ron Hainsey.
11:30 of 3rd period - Stopped by Eddie Lack with a rebound.
11:49 of 3rd period - Icing by Sean Walker.
11:50 of 3rd period - Matt Hendricks wins face-off versus Brian Gibbons in SAN FRANCISCO SPIDERS zone.
13:11 of 3rd period - Off-side.
13:12 of 3rd period - Ryan Getzlaf wins face-off versus Nazem Kadri in neutral zone.
13:38 of 3rd period - Shot by Josh Leivo.
13:38 of 3rd period - Shot Blocked by Rinat Valiev.
14:05 of 3rd period - Shot by Dominik Simon.
14:05 of 3rd period - Shot Misses the Net.
14:35 of 3rd period - Shot by Gabriel Bourque.
14:35 of 3rd period - Shot Misses the Net.
16:26 of 3rd period - Off-side.
16:27 of 3rd period - Boone Jenner wins face-off versus Andrei Svechnikov in neutral zone.
16:32 of 3rd period - Shot by David Pastrnak.
16:32 of 3rd period - Shot Misses the Net.
16:42 of 3rd period - Shot by Andrei Svechnikov.
16:42 of 3rd period - Shot Hit the Post.
16:44 of 3rd period - Shot by Gabriel Bourque.
16:44 of 3rd period - Shot Blocked by David Pastrnak.
16:46 of 3rd period - Shot by Andrei Svechnikov.
16:46 of 3rd period - Stopped by Anton Khudobin without a rebound.
16:47 of 3rd period - Ryan Getzlaf wins face-off versus Antti Suomela in REGINA FALCONS zone.
18:00 of 3rd period - Shot by Max Pacioretty.
18:00 of 3rd period - Stopped by Eddie Lack with a rebound.
18:02 of 3rd period - Shot by Ron Hainsey.
18:02 of 3rd period - Shot Misses the Net.
18:12 of 3rd period - Shot by Boone Jenner.
18:12 of 3rd period - Shot Blocked by Dominik Simon.
18:14 of 3rd period - Shot by Ron Hainsey.
18:14 of 3rd period - Stopped by Eddie Lack without a rebound.
18:15 of 3rd period - Alexander Kerfoot wins face-off versus Brian Gibbons in SAN FRANCISCO SPIDERS zone.
18:20 of 3rd period - Shot by Ryan Getzlaf.
18:20 of 3rd period - Stopped by Anton Khudobin with a rebound.
18:34 of 3rd period - Shot by Brandon Saad.
18:34 of 3rd period - Stopped by Eddie Lack without a rebound.
18:35 of 3rd period - Tomas Plekanec wins face-off versus Antti Suomela in SAN FRANCISCO SPIDERS zone.
18:58 of 3rd period - Shot by Andrei Svechnikov.
18:58 of 3rd period - Shot Hit the Post.
19:00 of 3rd period - Shot by Gabriel Bourque.
19:00 of 3rd period - Shot Misses the Net.
19:02 of 3rd period - Shot by Andrei Svechnikov.
19:02 of 3rd period - Stopped by Anton Khudobin without a rebound.
19:03 of 3rd period - Boone Jenner wins face-off versus Matt Hendricks in REGINA FALCONS zone.
19:03 of 3rd period - Boone Jenner is hit by Matt Hendricks.
19:33 of 3rd period - Alexander Kerfoot is hit by Sami Vatanen and loses puck.
19:40 of 3rd period - Shot by Alexander Kerfoot.
19:40 of 3rd period - Deflect By Ryan Getzlaf.
19:40 of 3rd period - Shot Misses the Net.
Goals for this period are 0 for SAN FRANCISCO SPIDERS vs 0 for REGINA FALCONS.
Shots for this period are 5 for SAN FRANCISCO SPIDERS vs 11 for REGINA FALCONS.


NATHAN
MACKINNON
PHILLIP
DANAULT
CONNOR
MCDAVID

EAST COAST

HOCKEY LEAGUE

  • 25.QUE4CHI5
  • 26.CHA2LIM3
  • 27.TRV2LON3
  • 28.CHW4BAL2
  • 29.PITMAN
  • 30.ATLNHW
  • 31.WORPET
  • 32.RHI